 Dungeon Crawl Stone Soup version 0.28-a0-1406-ga8dd43b1d0 (webtiles) character file.

Game seed: 966059751801172912

2271 Lekart the Skirmisher (level 9, -6/106 (118) HPs)
             Began as a Black Draconian Fighter on Jan 6, 2022.
             Was an Initiate of Yredelemnul.
             Mangled by a wight (18 damage)
             ... on level 6 of the Dungeon.
             The game lasted 00:09:38 (6073 turns).

Lekart the Skirmisher (Black Draconian Fighter)     Turns: 6073, Time: 00:09:38

HP:   -6/106 (118)  AC:  8    Str: 19    XL:     9   Next: 16%
MP:   13/13         EV: 14    Int:  9    God:    Yredelemnul [......]
Gold: 136           SH:  5    Dex: 14    Spells: 8/8 levels left

rFire   . . .      SeeInvis .   g - +4 morningstar (distort)
rCold   . . .      Faith    .   b - +0 buckler
rNeg    . . .      Spirit   .   (armour unavailable)
rPois   .          Reflect  .   (helmet restricted)
rElec   +          Harm     .   n - +0 cloak
rCorr   .          Rampage  .   (no gloves)
Will    .....                   (no boots)
Stlth   ..........              (no amulet)
HPRegen 0.27/turn               (no ring)
MPRegen 0.13/turn               (no ring)

@: berserking, heavily drained, very quick
A: breathe lightning, AC +7, unfitting armour, electricity resistance,
cold-blooded
a: Breathe Lightning, Renounce Religion, Recall Undead Harvest


You were on level 6 of the Dungeon.
You worshipped Yredelemnul.
Yredelemnul was noncommittal.
You visited 1 branch of the dungeon, and saw 6 of its levels.

You collected 175 gold pieces.
You spent 39 gold pieces at shops.

Inventory:

Hand Weapons
 g - a +4 morningstar of distortion (weapon)
 k - a +0 falchion of freezing
Armour
 b - a +0 buckler (worn)
 n - a +0 cloak (worn)
Jewellery
 a - a ring of magical power
 l - a +4 ring of protection
Wands
 e - a wand of paralysis (2)
 p - a wand of polymorph (3)
Scrolls
 d - a scroll of teleportation
 i - a scroll of magic mapping
 j - a scroll of fear
 o - 2 scrolls of fog
 r - a scroll of silence
 s - a scroll of enchant armour {unknown}
 u - 2 scrolls of amnesia {unknown}
Potions
 c - 2 potions of might
 f - 2 potions of flight
 m - a potion of magic
 q - a potion of heal wounds


   Skills:
 * Level 7.4 Fighting
 + Level 6.7 Long Blades
 + Level 1.3 Maces & Flails
 + Level 5.5 Dodging
 - Level 1.7 Stealth
 + Level 4.2 Shields
 * Level 5.4 Invocations


You had 8 spell levels left.
You didn't know any spells.
Your spell library contained the following spells:

 Spells                   Type           Power      Damage    Failure   Level
 Hailstorm                Conj/Ice       0%         3d3       99%         4
 Ice Form                 Ice/Tmut       0%         N/A       99%         4
 Simulacrum               Ice/Necr       0%         N/A       100%        6


Dungeon Overview and Level Annotations

Branches:
Dungeon (6/15)
 Temple: D:4-7

Altars:
Ashenzari
Fedhas
Okawaru
Qazlal
Yredelemnul

Shops:
D:2 *


Innate Abilities, Weirdness & Mutations

You can breathe wild blasts of lightning.
Your glossy black scales are hard. (AC +7)
You cannot fit into any form of body armour.
You are resistant to electric shocks. (rElec)
You are cold-blooded and may be slowed by cold attacks.


Message History

Things that are here:
a +0 war axe; a +0 robe You barely miss the wight.
You block the wight's attack.
You hit the wight.
The wight is moderately damaged.
The wight blinks!
The wight barely misses you. x2
You hit the wight but do no damage.
The wight blinks!
The wight closely misses you.
You can't do that yet.
Nothing appears to have answered your call.
The wight closely misses you. The wight hits you with a +4 trident.
You feel drained.
You hit the wight but do no damage.
Space warps around the wight.
The wight is heavily damaged.
You have got your breath back.
The wight hits you with a +4 trident.
You feel drained. The wight hits you with a +4 trident!
* * * LOW HITPOINT WARNING * * *
You closely miss the wight.
The wight is heavily damaged.
The wight completely misses you.
You hit the wight but do no damage.
Space warps around the wight.
The wight is heavily damaged.
The wight hits you with a +4 trident!
* * * LOW HITPOINT WARNING * * *
You feel drained.
You puncture the wight!
You destroy the wight!
You closely miss the wight.
The wight hits you with a +1 great sword!
* * * LOW HITPOINT WARNING * * *
You block the wight's attack.
You completely miss the wight. The wight barely misses you.
You see here a +0 club.
You see here a +0 whip.
A red film seems to cover your vision as you go berserk!
You feel yourself moving faster!
You feel mighty!
The wight hits you with a +1 great sword!!
You die...
Your body rises from the dead as a mindless zombie.

##### ##### ##Z..##
##..Z##
##.###.#####.###Z##
#.#####.##..## ##Z#
#.##..)@z...# #Z######
#Z##.##)##..## ##.##....
##Z#.#.###.#.###.....###
##...####.##.....####
##..)....####.#.#
#..####........# #..#
#.####.### #.Z####.#
##'## #.Z...#.###...##


You could see a wight.

Vanquished Creatures
  Prince Ribbit (D:4)
  An orc warrior (D:6)
  3 sky beasts (D:6)
  Pargi (D:3)
  A black bear (D:5)
  An ogre (D:5)
  2 centaurs
  2 phantoms
  A scorpion (D:4)
  4 wights (D:6)
  A bullfrog zombie (D:6)
  A centaur zombie (D:5)
  3 hounds
  2 orc priests (D:4)
  Ijyb (D:3)
  Terence (D:3)
  An iguana (D:5)
  An orc wizard (D:5)
  A hound skeleton (D:5)
  6 gnolls
  6 adders
  4 dart slugs
  12 orcs
  9 endoplasms
  2 giant cockroaches (D:1)
  3 goblins
  5 hobgoblins
  11 jackals
  4 quokkas
  8 ball pythons
  3 bats
  3 frilled lizards
  5 kobolds
  An orc zombie (D:5)
  A rat (D:3)
112 creatures vanquished.

Vanquished Creatures (collateral kills)
  Grinder (D:5)
  Sigmund (D:6)
  A bullfrog zombie (D:5)
  An orc wizard (D:6)
  A gnoll (D:3)
  An adder (D:4)
  2 goblins
  A bat (D:1)
  A frilled lizard (D:1)
  A kobold (D:4)
11 creatures vanquished.

Vanquished Creatures (others)
  A black bear zombie (D:5)
  An ogre zombie (D:5)
  3 hound zombies
  An adder zombie (D:3)
  A human zombie (D:6)
  2 gnoll zombies (D:4)
  2 ball python zombies
  2 goblin zombies (D:4)
  A hobgoblin zombie (D:3)
  2 jackal zombies (D:4)
  4 orc zombies
  A spectral endoplasm (D:4)
21 creatures vanquished.

Grand Total: 144 creatures vanquished

Notes
Turn   | Place    | Note
-------+----------+-------------------------------------------
     0 | D:1      | Lekart the Draconian Fighter began the quest for the Orb.
     0 | D:1      | Reached XP level 1. HP: 19/19 MP: 1/1
   333 | D:1      | Reached XP level 2. HP: 23/26 MP: 2/2
   835 | D:1      | Found a faded altar of an unknown god.
   843 | D:1      | Reached skill level 4 in Fighting
   844 | D:1      | Prayed at the altar of an unknown god.
   844 | D:1      | Became a worshipper of Yredelemnul the Dark
   844 | D:1      | Reached * piety under Yredelemnul
   863 | D:1      | Reached XP level 3. HP: 30/33 MP: 3/3
  1063 | D:1      | Reached ** piety under Yredelemnul
  1458 | D:2      | Reached XP level 4. HP: 40/40 MP: 4/4
  1513 | D:2      | Found Qumifot's General Store.
  1521 | D:2      | Bought a potion of curing for 39 gold pieces
  1781 | D:2      | Reached skill level 1 in Stealth
  1819 | D:2      | Reached skill level 1 in Invocations
  1957 | D:3      | Noticed Terence
  1967 | D:3      | Noticed Pargi
  1972 | D:3      | Noticed a phantom
  1990 | D:3      | Killed Terence
  1997 | D:3      | Killed a phantom
  1998 | D:3      | Reached XP level 5. HP: 15/47 MP: 4/6
  1999 | D:3      | Killed Pargi
  2000 | D:3      | Reached XP level 6. HP: 18/55 MP: 4/7
  2246 | D:3      | Found an iron altar of Okawaru.
  2354 | D:3      | Noticed Ijyb
  2373 | D:3      | Killed Ijyb
  2502 | D:3      | Reached skill level 5 in Fighting
  3801 | D:4      | Your scales start taking on a glossy black colour.
  3801 | D:4      | Reached XP level 7. HP: 61/61 MP: 9/9
  3801 | D:4      | Gained mutation: You are resistant to electric shocks.
                  | (rElec) [Black Draconian growth]
  4333 | D:5      | Entered Level 5 of the Dungeon
  4338 | D:5      | Found a stormy altar of Qazlal.
  4347 | D:5      | Noticed Prince Ribbit
  4428 | D:4      | Killed Prince Ribbit
  4730 | D:5      | Identified the +0 robe of Generosity {rN++ Int+3}
  4753 | D:5      | Reached skill level 5 in Long Blades
  4755 | D:5      | Noticed Grinder
  4765 | D:5      | Reached skill level 6 in Fighting
  4765 | D:5      | Reached XP level 8. HP: 42/70 MP: 9/11
  4785 | D:5      | Killed Grinder
  5201 | D:5      | Found a broken altar of Ashenzari.
  5631 | D:6      | Found a blossoming altar of Fedhas.
  5653 | D:6      | Reached skill level 5 in Dodging
  5660 | D:6      | Reached skill level 7 in Fighting
  5843 | D:6      | Reached skill level 5 in Invocations
  5866 | D:6      | Noticed Sigmund
  5872 | D:6      | Killed Sigmund
  5873 | D:6      | Reached XP level 9. HP: 79/79 MP: 12/12
  6014 | D:6      | Reached skill level 1 in Maces & Flails
  6030 | D:6      | Your ally Sigmund died
  6073 | D:6      | Mangled by a wight

Illustrated notes

Levels and vault maps discovered:
D:1:      dpeg_arrival_pits, layout_rooms, ebering_ecumenical_altar_hall,
          minmay_split_cup_small
D:2:      layout_loops_corners, serial_shops, nicolae_shop_stone,
          grunt_ministairs_3
D:3:      layout_basic, okawaru_ov_weapons_minmay, due_unseen_surprise,
          uniq_pargi, uniq_terence, uniq_ijyb
D:4:      layout_loops_ring
D:5:      layout_rooms, mainiacjoe_overflow_tiny_flanked,
          mainiacjoe_overflow_concentric_impassable, nicolae_gozag_seed_capital,
          uniq_grinder, uniq_prince_ribbit1, uniq_crazy_yiuf_cottage
D:6:      layout_loops_corners, fedhas_ov_isle_minmay,
          minmay_temple_entry_poolview, kennysheep_generic_room_4, uniq_sigmund

Skill      XL: |  1  2  3  4  5  6  7  8  9 |
---------------+----------------------------+-----
Fighting       | 4 5 6 7 |  7.4
Dodging        | 3 4 5 |  5.5
Stealth        | 1 |  1.7
Invocations    | 1 2 3 4 5 |  5.4
Long Blades    | 3 4 5 6 |  6.7
Shields        | 4 |  4.2
Maces & Flails | 1 |  1.3

Action                   |  1- 3 |  4- 6 |  7- 9 || total
-------------------------+-------+-------+-------++-------
Melee: Long sword        |    73 |       |       ||    73
       Tailslap          |    10 |    18 |    18 ||    46
       Falchion          |     1 |   158 |   119 ||   278
       Unarmed           |       |    11 |       ||    11
       Morningstar       |       |       |    33 ||    33
Invok: Recall Undead Har |       |       |     3 ||     3
 Abil: Breathe Lightning |       |       |     5 ||     5
Evoke: Wand              |       |       |     1 ||     1
  Use: Potion            |       |     1 |     3 ||     4
       Scroll            |       |       |    12 ||    12
 Stab: Sleeping          |     1 |     4 |       ||     5
Armor: Skin              |    28 |    50 |    70 ||   148
Dodge: Dodged            |    70 |    97 |   100 ||   267
Block: Buckler           |    26 |    38 |    37 ||   101

Table legend: (Time is in decaauts)
 A = Elapsed time spent in this place.
 B = Non-inter-level travel time spent in this place.
 C = Inter-level travel time spent in this place.
 D = Time resting spent in this place.
 E = Time spent auto-exploring this place.
 F = Levels seen in this place.
 G = Mean time per level.
                   A        B        C        D        E       F      G
               +--------+--------+--------+--------+--------+-----+--------+
         Total |   6149 |   5975 |    174 |   2148 |   2743 |   6 | 1024.8 |
       Dungeon |   6149 |   5975 |    174 |   2148 |   2743 |   6 | 1024.8 |
               +--------+--------+--------+--------+--------+-----+--------+

Top non-repeatable levels by time:
     D:4: 1807 daAuts
     D:3: 1212 daAuts
     D:1: 1114 daAuts
     D:6: 874 daAuts
     D:2: 862 daAuts
     D:5: 277 daAuts
